 Dungeon Crawl Stone Soup version 0.20.0-7-g3b7b877 (webtiles) character file.

175753 Rrauwl the Executioner (level 17, -18/146 HPs)
             Began as a Minotaur Berserker on May 29, 2017.
             Was a High Priest of Trog.
             Hit by a large rock thrown by a stone giant (32 damage)
             ... on level 1 of the Depths.
             The game lasted 01:30:06 (24491 turns).

Rrauwl the Executioner (Minotaur Berserker)        Turns: 24491, Time: 01:30:06

Health: -18/146    AC: 28    Str: 28    XL:     17   Next: 22%
Magic:  19/19      EV: 12    Int:  7    God:    Trog [*****.]
Gold:   2524       SH:  0    Dex: 15    Spells: 16/16 levels left

rFire    + + +     SeeInvis +   a - +3 executioner's axe (freeze)
rCold    + . .     Gourm    .   (shield currently unavailable)
rNeg     + . .     Faith    .   A - +6 plate armour of Jyoteagh {rN+}
rPois    +         Spirit   .   N - +1 hat
rElec    .         Reflect  .   y - scarf {rC+ rF+}
rCorr    .         Harm     .   (no gloves)
MR       .....                  P - +2 pair of boots
Stlth    ..........             v - amulet of regeneration
Regen    1.2/turn               x - ring of Kulem {rF++ MR- Str+3 Int+2 SInv}
MPRegen  0.2/turn               t - ring of poison resistance

@: berserk cooldown, slowed, very slow
A: retaliatory headbutt, horns 2, icy blue scales 1, thin skeletal structure 1,
blink, regeneration 1
}: 1/15 runes: decaying
a: Blink, Berserk, Trog's Hand, Brothers in Arms, Burn Spellbooks, Renounce
Religion


You were on level 1 of the Depths.
You worshipped Trog.
Trog was extremely pleased with you.
You were very hungry.

You visited 5 branches of the dungeon, and saw 27 of its levels.
You also visited: Volcano.

You collected 2524 gold pieces.

Inventory:

Hand Weapons
 a - a +3 executioner's axe of freezing (weapon)
 b - a +1 longbow of flaming
 O - a +1 executioner's axe of freezing
Missiles
 I - 429 arrows
Armour
 i - a +0 cloak
 y - a scarf of resistance (worn)
 A - the +6 plate armour of Jyoteagh (worn) {rN+}
   (You found it on level 3 of the Lair of Beasts)

   It protects you from negative energy.
 N - a +1 hat (worn)
 P - a +2 pair of boots (worn)
 T - a +2 cloak of poison resistance
 X - +0 gold dragon scales
Jewellery
 t - a ring of poison resistance (right hand)
 v - an amulet of regeneration (around neck)
 x - the ring of Kulem (left hand) {rF++ MR- Str+3 Int+2 SInv}
   (You found it on level 5 of the Dungeon)

   [ring of see invisible]

   It affects your strength (+3).
   It affects your intelligence (+2).
   It greatly protects you from fire.
   It affects your resistance to hostile enchantments.
   It lets you see invisible.
 C - an uncursed ring of resist corrosion
 U - a +3 ring of slaying
Wands
 d - a wand of polymorph (7/24)
 f - a wand of iceblast (12/15)
 j - a wand of lightning (2/15)
 m - a wand of lightning (7/15)
 p - a wand of lightning (12/15)
 r - a wand of acid (11/15)
 w - a wand of iceblast (4/15)
 F - a wand of lightning (5/15)
 J - a wand of scattershot (3/9)
 Q - a wand of acid (4/15)
 S - a wand of polymorph (7/24)
 W - a wand of clouds (8/9)
Scrolls
 e - 12 scrolls of remove curse
 g - 2 scrolls of fear
 k - 3 scrolls of magic mapping
 o - 18 scrolls of teleportation
 q - 7 scrolls of identify
 s - 5 scrolls of enchant armour
 G - 5 scrolls of recharging
Potions
 h - 3 potions of might
 l - 12 potions of curing
 n - 3 potions of flight
 z - a potion of magic
 D - 3 potions of resistance
 M - 3 potions of agility
 R - 2 potions of invisibility
 V - a potion of lignification
Miscellaneous
 K - a box of beasts
 L - 2 phantom mirrors
Comestibles
 c - 3 bread rations
 u - 17 royal jellies
 B - 2 meat rations
 E - 3 fruits
 H - 16 chunks of flesh


   Skills:
 - Level 12.0 Fighting
 + Level 25.2 Axes
 + Level 14.1 Bows
 - Level 12.0 Armour
 - Level 8.0 Dodging
 - Level 4.0 Evocations


You had 16 spell levels left.
You didn't know any spells.

Dungeon Overview and Level Annotations

Branches:
Dungeon (15/15)            Temple (1/1) D:6            Lair (6/6) D:10
  Swamp (4/4) Lair:3       Spider (0/4) Lair:2        Slime (0/5) Lair:5
    Orc (0/2) D:12         Vaults (0/5) D:13         Depths (1/5) D:15

Altars:
Ashenzari
Cheibriados
Dithmenos
Elyvilon
Fedhas
Gozag
Hepliaklqana
Kikubaaqudgha
Makhleb
Nemelex Xobeh
Okawaru
Qazlal
Ru
Sif Muna
Trog
Uskayaw
Vehumet
Xom
Yredelemnul
Zin
The Shining One

Portals:
Trove: D:15 (give +3 shadow dragon scales)


Innate Abilities, Weirdness & Mutations

You reflexively headbutt those who attack you in melee.
You have a pair of horns on your head.
You are partially covered in icy blue scales. (AC +2)
You have a somewhat thin skeletal structure. (Dex +2, Stealth)
You can translocate small distances at will.
Your natural rate of healing is unusually fast.


Message History

Trog accepts your kill.
The stone giant throws a large rock.
The large rock hits you!!!
* * * LOW HITPOINT WARNING * * *
The stone giant throws a large rock.
The large rock hits you!!
* * * LOW HITPOINT WARNING * * *
Okay, then.
As you read the scroll of fear, it crumbles to dust.
You assume a fearsome visage.
The ogre mage looks frightened!
The two-headed ogre looks frightened!
The stone giant looks frightened!
The ogre mage gestures wildly while chanting.
The ogre mage blinks!
Unknown command.
You feel better. The ogre hits you with a giant club.
* * * LOW HITPOINT WARNING * * *
You dice the ogre like an onion!!! You freeze the ogre.
You kill the ogre!
Trog accepts your kill.
The stone giant seems to regain its courage.
The stone giant throws a large rock.
The large rock hits you!!
You die...

### . #.# ... #)#
.....#####)########
.C....)(@.........
#.##.####.......##
#..###.......#
#............#
####.........# #
#.........# .#
#.........######.##
####.......[.......
#.###.#####.####


You could see a stone giant.

Vanquished Creatures
  the Lernaean hydra (Swamp:4)
  Frances (D:13)
  Agnes (D:14)
  Gastronok (D:10)
  2 sphinxes (D:12)
  4 thorn hunters
  A fire giant (D:12)
  A frost giant (D:12)
  The ghost of McKennaii the Unseen, a journeyman OpAs of Dithmenos (Lair:6)
  A vampire knight (Depths:1)
  Azrael (D:12)
  Nessos (Lair:4)
  The ghost of Chiseanne the Envoy of Void, a journeyman DDAK of Lugonu (D:15)
  The ghost of Hanibal the Peltast, a journeyman MiFi of the Shining One (Volcano)
  Josephine (D:14)
  Snorg (D:12)
  3 fire dragons
  8 vault guards (D:13)
  20 hydras
  An ice dragon (Lair:6)
  Harold (D:11)
  A catoblepas (D:15)
  An ogre mage (D:15)
  2 centaur warriors
  14 two-headed ogres
  10 alligators
  6 death yaks
  A vampire mage (Depths:1)
  2 tengu warriors
  Urug (D:12)
  3 spriggans
  2 spriggan druids
  2 unseen horrors
  2 wizards
  3 lindwurms
  9 swamp dragons
  2 phantasmal warriors (Depths:1)
  4 shambling mangroves
  2 deep elf magi
  An orc sorcerer (D:15)
  10 ugly things
  2 cyclopes
  3 elephants (Lair:6)
  Maurice (D:14)
  A manticore (D:13)
  A black mamba (Lair:4)
  A naga mage (D:15)
  4 molten gargoyles (Volcano)
  3 centaur zombies
  Psyche (D:11)
  2 gargoyles
  22 spiny frogs
  5 torpor snails (Lair:6)
  4 rime drakes
  8 komodo dragons
  2 kobold demonologists (D:15)
  6 yaktaurs
  The ghost of Reborn the Shield-Bearer, a novice OpFi of Makhleb (D:5)
  A redback zombie (D:15)
  2 efreet (Volcano)
  2 tengu conjurers
  A queen bee (Lair:3)
  2 polar bears
  2 guardian mummies (D:15)
  8 trolls
  15 hornets
  8 slime creatures
  7 tyrant leeches
  Grinder (D:6)
  25 blink frogs
  6 bog bodies
  8 hippogriffs
  5 shadows
  4 wraiths
  35 yaks
  4 wyverns
  A vampire (D:15)
  3 fire bats (Lair:5)
  6 fire elementals
  5 hungry ghosts
  7 basilisks
  15 swamp worms
  12 vampire mosquitoes
  3 acid dragons
  A soldier ant (D:12)
  2 insubstantial wisps (Lair:5)
  15 water moccasins
  2 hell hounds (D:12)
  10 porcupines
  The ghost of Zaque the Cudgeler, an amateur TrMo (D:4)
  2 phantoms
  A black bear (Lair:3)
  14 swamp drakes
  3 sky beasts
  3 ice beasts
  3 necrophages
  8 orc warriors
  6 ogres
  19 wolves
  12 centaurs
  10 crocodiles
  Blork the orc (D:5)
  14 bullfrogs
  5 big kobolds
  2 earth elementals (Volcano)
  6 scorpions
  A troll zombie (D:12)
  32 killer bees
  4 howler monkeys
  9 wights
  An electric eel (Lair:4)
  7 crimson imps
  2 bullfrog zombies
  3 jellies
  9 hounds
  12 orc priests
  8 centaur skeletons
  13 orc wizards
  2 bullfrog skeletons
  6 iguanas
  9 worker ants
  7 ogre zombies (D:12)
  2 hound zombies
  2 hound skeletons
  Robin (D:4)
  4 gnolls (D:11)
  10 adders
  7 shadow imps
  3 oozes
  An adder zombie (D:5)
  5 worms
  3 dart slugs
  6 leopard geckos
  55 orcs
  A ball python (D:3)
  8 bats
  7 giant cockroaches
  10 goblins
  16 hobgoblins
  7 jackals
  15 kobolds
  8 quokkas
  4 frilled lizards
  4 goblin skeletons (D:12)
  5 goblin zombies (D:12)
  A hobgoblin skeleton (D:12)
  A hobgoblin zombie (D:12)
  An orc skeleton (D:12)
  13 orc zombies (D:12)
  7 rats
  14 briar patches
  3 fungi
  10 plants
885 creatures vanquished.

Vanquished Creatures (collateral kills)
  Louise (Swamp:2)
  6 hydras
  A spriggan druid (Swamp:2)
  3 swamp dragons
  A spiny frog (Swamp:3)
  A swamp worm (Swamp:2)
  A swamp drake (Swamp:2)
  4 necrophages (Swamp:2)
18 creatures vanquished.

Vanquished Creatures (others)
  A black mamba (Lair:5)
  A briar patch (Swamp:3)
  4 fungi (Lair:6)
  13 plants
19 creatures vanquished.

Grand Total: 922 creatures vanquished

Notes
Turn   | Place    | Note
-------+----------+-------------------------------------------
     0 | D:1      | Rrauwl the Minotaur Berserker began the quest for the Orb.
     0 | D:1      | Reached XP level 1. HP: 19/19 MP: 0/0
   177 | D:1      | Reached XP level 2. HP: 17/27 MP: 1/1
   417 | D:1      | Reached skill level 4 in Axes
   576 | D:1      | Reached XP level 3. HP: 23/33 MP: 2/2
   641 | D:1      | Reached ** piety under Trog
   822 | D:2      | Found a stormy altar of Qazlal.
  1257 | D:2      | Reached XP level 4. HP: 20/41 MP: 3/3
  1710 | D:2      | Reached skill level 5 in Fighting
  1911 | D:3      | Reached skill level 5 in Axes
  1948 | D:3      | Noticed a bullfrog
  2411 | D:3      | Gained mutation: You have a pair of large horns on your head. [potion of mutation]
  2411 | D:3      | Gained mutation: Armour fits poorly on your strangely shaped body. [potion of mutation]
  2411 | D:3      | Gained mutation: You are partially covered in thin metallic scales. (AC +2) [potion of mutation]
  2436 | D:3      | Killed a bullfrog
  2436 | D:3      | Reached skill level 6 in Axes
  2436 | D:3      | Reached XP level 5. HP: 37/48 MP: 4/4
  2823 | D:4      | Noticed Zaque's ghost (amateur TrMo)
  2832 | D:4      | Killed Zaque's ghost
  2832 | D:4      | Reached skill level 7 in Axes
  2832 | D:4      | Reached XP level 6. HP: 56/56 MP: 5/5
  2890 | D:4      | Reached *** piety under Trog
  2953 | D:4      | Noticed Robin
  2959 | D:4      | Killed Robin
  3216 | D:4      | Reached skill level 8 in Axes
  3496 | D:5      | Entered Level 5 of the Dungeon
  3518 | D:5      | Noticed an ice beast
  3519 | D:5      | Noticed Blork the orc
  3528 | D:5      | Killed an ice beast
  3528 | D:5      | Reached XP level 7. HP: 6/61 MP: 6/6
  3530 | D:5      | Killed Blork the orc
  3530 | D:5      | Reached skill level 9 in Axes
  3537 | D:5      | Got a translucent copper ring
  3541 | D:5      | Identified the ring of Kulem {rF++ MR- Str+3 Int+2 SInv} (You found it on level 5 of the Dungeon)
  3708 | D:5      | Noticed Reborn's ghost (novice OpFi)
  3719 | D:5      | Killed Reborn's ghost
  3719 | D:5      | Reached skill level 10 in Axes
  3826 | D:5      | Reached XP level 8. HP: 66/68 MP: 7/7
  3875 | D:5      | Reached skill level 11 in Axes
  4364 | D:6      | Noticed a two-headed ogre
  4375 | D:6      | Killed a two-headed ogre
  4375 | D:6      | Reached skill level 13 in Axes
  4473 | D:6      | Noticed Grinder
  4477 | D:6      | Paralysed by Grinder for 2 turns
  4483 | D:6      | Killed Grinder
  4483 | D:6      | Reached **** piety under Trog
  4483 | D:6      | Reached XP level 9. HP: 74/74 MP: 8/8
  4714 | D:6      | Found a staircase to the Ecumenical Temple.
  4725 | Temple   | Entered the Ecumenical Temple
  5088 | D:6      | Reached skill level 14 in Axes
  5512 | D:7      | Found a hide-covered altar of Uskayaw.
  6219 | D:7      | Reached skill level 15 in Axes
  6627 | D:7      | Found a hazy altar of Hepliaklqana.
  6766 | D:8      | Reached ***** piety under Trog
  6991 | D:8      | Reached XP level 10. HP: 81/81 MP: 9/9
  6998 | D:8      | Reached skill level 16 in Axes
  7260 | D:8      | Found a glowing silver altar of Zin.
  7262 | D:8      | Noticed an angel
  7273 | D:8      | Found a shimmering altar of Xom.
  7396 | D:8      | Identified a scroll of acquirement
  7468 | D:8      | Received a gift from Trog
  7958 | D:9      | Noticed a two-headed ogre
  7967 | D:9      | Killed a two-headed ogre
  7967 | D:9      | Reached skill level 5 in Armour
  8007 | D:9      | Noticed a two-headed ogre
  8015 | D:9      | Killed a two-headed ogre
  8015 | D:9      | Reached skill level 5 in Dodging
  8621 | D:10     | Entered Level 10 of the Dungeon
  8655 | D:10     | Found a staircase to the Lair.
  8774 | D:10     | Noticed Gastronok
  8788 | D:10     | Killed Gastronok
  8788 | D:10     | Reached XP level 11. HP: 95/95 MP: 10/10
  8869 | D:10     | Noticed an unseen horror
  8882 | D:10     | Killed an unseen horror
  9022 | Lair:1   | Entered Level 1 of the Lair of Beasts
  9097 | Lair:1   | Received a gift from Trog
 10203 | Lair:2   | Reached skill level 10 in Fighting
 10209 | Lair:2   | Reached skill level 10 in Armour
 10231 | Lair:2   | Found a hole to the Spider Nest.
 10278 | Lair:2   | Reached XP level 12. HP: 92/106 MP: 11/11
 10717 | Lair:2   | Reached skill level 17 in Axes
 11254 | Lair:3   | Found a staircase to the Swamp.
 11338 | Lair:3   | Got an ancient plate armour
 11352 | Lair:3   | Identified the +6 plate armour of Jyoteagh {rN+} (You found it on level 3 of the Lair of Beasts)
 11696 | Lair:3   | Noticed a five-headed hydra
 11705 | Lair:3   | Killed a five-headed hydra
 11705 | Lair:3   | Reached skill level 1 in Evocations
 11948 | Lair:4   | Noticed Nessos
 11954 | Lair:4   | Received a gift from Trog
 11966 | Lair:4   | Killed Nessos
 12021 | Lair:4   | Lost mutation: You are partially covered in thin metallic scales. (AC +2) [potion of mutation]
 12021 | Lair:4   | Lost mutation: Armour fits poorly on your strangely shaped body. [potion of mutation]
 12021 | Lair:4   | Lost mutation: You have a pair of large horns on your head. [potion of mutation]
 12021 | Lair:4   | Gained mutation: You are partially covered in icy blue scales. (AC +2) [potion of mutation]
 12021 | Lair:4   | Gained mutation: You are partially covered in slimy green scales. (AC +2) [potion of mutation]
 12327 | Lair:4   | Reached XP level 13. HP: 81/118 MP: 12/14
 12334 | Lair:4   | Reached ****** piety under Trog
 12762 | Lair:5   | Found a dark tunnel.
 12779 | Volcano  | Entered a volcano
 12788 | Volcano  | Reached skill level 18 in Axes
 13026 | Volcano  | Noticed Hanibal's ghost (journeyman MiFi)
 13036 | Volcano  | Killed Hanibal's ghost
 13351 | Lair:5   | Received a gift from Trog
 13857 | Lair:5   | Reached skill level 19 in Axes
 13936 | Lair:5   | Found a staircase to the Slime Pits.
 14209 | Lair:6   | Entered Level 6 of the Lair of Beasts
 14284 | Lair:6   | Noticed a fire dragon
 14297 | Lair:6   | Killed a fire dragon
 14407 | Lair:6   | Noticed McKennaii's ghost (journeyman OpAs)
 14421 | Lair:6   | Killed McKennaii's ghost
 14421 | Lair:6   | Reached skill level 20 in Axes
 14578 | Lair:6   | Found a runed door.
 14581 | Lair:6   | Reached XP level 14. HP: 126/126 MP: 16/16
 14735 | Lair:6   | Got an ancient rapier
 14758 | Lair:6   | Received a gift from Trog
 15184 | Lair:6   | Reached skill level 21 in Axes
 15691 | Swamp:1  | Entered Level 1 of the Swamp
 16241 | Swamp:1  | Paralysed by a hornet for 1 turns
 16401 | Swamp:1  | Reached skill level 22 in Axes
 16842 | Swamp:2  | Reached skill level 1 in Bows
 17066 | Swamp:2  | Noticed Louise
 17102 | Swamp:2  | Killed Louise
 17201 | Swamp:2  | HP: 2/126 [seven-headed hydra (5)]
 17204 | Swamp:2  | Received a gift from Trog
 17687 | Swamp:2  | Found a basalt altar of Yredelemnul.
 18087 | Swamp:2  | Reached XP level 15. HP: 96/132 MP: 17/17
 18184 | Swamp:3  | Noticed a thorn hunter
 18192 | Swamp:2  | Reached skill level 5 in Bows
 18285 | Swamp:3  | Noticed a thorn hunter
 18288 | Swamp:4  | Entered Level 4 of the Swamp
 18870 | Swamp:3  | Killed a thorn hunter
 19102 | Swamp:3  | Killed a thorn hunter
 19102 | Swamp:3  | Reached skill level 23 in Axes
 19502 | Swamp:4  | Noticed the 27-headed Lernaean hydra
 19506 | Swamp:4  | Killed the 27-headed Lernaean hydra
 19520 | Swamp:4  | Received a gift from Trog
 19680 | Swamp:4  | Got a decaying rune of Zot
 19783 | Swamp:4  | Noticed a thorn hunter
 19787 | Swamp:4  | Killed a thorn hunter
 19794 | Swamp:4  | Noticed a thorn hunter
 19812 | Swamp:4  | Killed a thorn hunter
 19817 | Swamp:4  | Received a gift from Trog
 19817 | Swamp:4  | Reached skill level 10 in Bows
 20975 | D:11     | Noticed Harold
 20978 | D:11     | Killed Harold
 20996 | D:11     | Reached XP level 16. HP: 139/139 MP: 18/18
 20997 | D:11     | Lost mutation: You are partially covered in slimy green scales. (AC +2) [mutagenic meat]
 20998 | D:11     | Gained mutation: You have a somewhat thin skeletal structure. (Dex +2, Stealth) [mutagenic meat]
 21027 | D:11     | Noticed Psyche
 21032 | D:11     | Killed Psyche
 21226 | D:11     | Received a gift from Trog
 21520 | D:12     | Noticed Azrael
 21530 | D:12     | Received a gift from Trog
 21533 | D:12     | Killed Azrael
 21726 | D:12     | Found a staircase to the Orcish Mines.
 21758 | D:12     | Received a gift from Trog
 21804 | D:12     | Noticed Urug
 21817 | D:12     | Killed Urug
 21869 | D:12     | Noticed Snorg
 21876 | D:12     | Killed Snorg
 21913 | D:12     | Found a runed gate.
 21913 | D:12     | Found a runed gate.
 21913 | D:12     | Found a runed gate.
 21920 | D:12     | Noticed a sphinx
 21921 | D:12     | Noticed a sphinx
 21940 | D:12     | Reached skill level 24 in Axes
 21943 | D:12     | Received a gift from Trog
 21992 | D:12     | Found a runed gate.
 21992 | D:12     | Found a runed gate.
 21992 | D:12     | Found a runed gate.
 22015 | D:12     | Paralysed by a sphinx for 7 turns
 22027 | D:12     | Killed a sphinx
 22029 | D:12     | Killed a sphinx
 22429 | D:13     | Noticed Frances
 22434 | D:13     | Killed Frances
 22448 | D:13     | Gained mutation: Your natural rate of healing is unusually fast. [mutagenic meat]
 22449 | D:13     | Gained mutation: You can translocate small distances at will. [mutagenic meat]
 22568 | D:13     | Paralysed by a centaur for 2 turns
 22721 | D:13     | Found a gate to the Vaults.
 23068 | D:14     | Noticed Agnes
 23076 | D:14     | Killed Agnes
 23096 | D:14     | Noticed Maurice
 23103 | D:14     | Killed Maurice
 23103 | D:14     | Received a gift from Trog
 23309 | D:14     | Noticed Josephine
 23321 | D:14     | Killed Josephine
 23497 | D:15     | Entered Level 15 of the Dungeon
 23497 | D:15     | Noticed Chiseanne's ghost (journeyman DDAK)
 23521 | D:15     | Killed Chiseanne's ghost
 23697 | D:15     | Received a gift from Trog
 23843 | D:15     | Found a portal to a secret trove of treasure.
 23988 | D:15     | Reached skill level 25 in Axes
 23999 | D:15     | Reached XP level 17. HP: 136/146 MP: 19/19
 24140 | D:15     | Found a staircase to the Depths.
 24307 | Depths:1 | Entered Level 1 of the Depths
 24487 | Depths:1 | HP: 3/146 [stone giant/large rock (28)]
 24491 | Depths:1 | Hit by a large rock thrown by a stone giant

Skill      XL: |  1  2  3  4  5  6  7  8  9 10 11 12 13 14 15 16 17 |
---------------+----------------------------------------------------+-----
Fighting       | 4 5 8 10 12 | 12.0
Axes           | 4 6 7 8 10 13 15 16 17 20 22 23 25 | 25.2
Armour         | 3 7 10 12 | 12.0
Dodging        | 6 7 8 |  8.0
Evocations     | 2 4 |  4.0
Bows           | 4 10 13 14 | 14.1

Action                   |  1- 3 |  4- 6 |  7- 9 | 10-12 | 13-15 | 16-18 || total
-------------------------+-------+-------+-------+-------+-------+-------++-------
Melee: Hand axe          |   105 |   122 |    12 |       |       |       ||   239
       Headbutt          |    18 |    36 |    54 |   115 |   172 |   127 ||   522
       War axe           |       |       |   210 |   511 |   142 |       ||   863
       Executioner's axe |       |       |       |       |   542 |   484 ||  1026
 Fire: Longbow           |       |       |       |     8 |   191 |       ||   199
Invok: Berserk           |       |     3 |     6 |     6 |    15 |    12 ||    42
       Burn Spellbooks   |       |     1 |     1 |     3 |     2 |     4 ||    11
       Brothers in Arms  |       |       |       |       |    10 |       ||    10
       Trog's Hand       |       |       |       |       |     3 |       ||     3
Evoke: Wand              |       |       |       |       |    10 |       ||    10
  Use: Potion            |       |     9 |     3 |     5 |     4 |     3 ||    24
       Scroll            |       |    10 |     3 |    13 |    19 |     8 ||    53
  Eat: Chunk             |     1 |     9 |    10 |    20 |    14 |    26 ||    80
       Fruit             |       |       |     4 |       |     3 |     1 ||     8
       Meat ration       |       |       |     1 |     1 |     5 |       ||     7
       Royal jelly       |       |       |       |     1 |     1 |       ||     2
       Bread ration      |       |       |       |       |     1 |       ||     1
Armor: Leather armour    |    15 |       |       |       |       |       ||    15
       Animal skin       |     1 |       |       |       |       |       ||     1
       Plate armour      |    58 |    50 |    90 |   210 |   916 |   251 ||  1575
Dodge: Dodged            |    49 |    31 |    42 |   200 |   626 |   215 ||  1163
